 Dungeon Crawl Stone Soup version 0.28-a0-883-gc8d7bad45d (webtiles) character file.

Game seed: 10941288619405659801

3 Zonian the Ducker (level 1, 16/16 HPs)
             Began as a Demonspawn Gladiator on Nov 22, 2021.
             Was a Follower of Trog.
             Quit the game on level 1 of the Dungeon.
             The game lasted 00:00:31 (136 turns).

Zonian the Ducker (Demonspawn Gladiator)             Turns: 136, Time: 00:00:32

Health: 16/16      AC:  4    Str: 14    XL:     1   Next: 41%
Magic:  1/1        EV: 12    Int:  9    God:    Trog [*.....]
Gold:   12         SH:  0    Dex: 14    Spells: 0/0 levels left

rFire   . . .      SeeInvis .   a - +0 trident
rCold   . . .      Faith    .   (no shield)
rNeg    . . .      Spirit   .   b - +0 leather armour
rPois   .          Reflect  .   c - +0 helmet
rElec   .          Harm     .   (no cloak)
rCorr   .          Rampage  .   (no gloves)
Will    .....                   (no boots)
Stlth   +.........              (no amulet)
HPRegen 0.05/turn               (no ring)
MPRegen 0.07/turn               (no ring)

@: no status effects
A: no striking features
a: Renounce Religion, Berserk


You were on level 1 of the Dungeon.
You worshipped Trog.
Trog was aware of your devotion.
You visited 1 branch of the dungeon, and saw 1 of its levels.

You collected 12 gold pieces.

Inventory:

Hand Weapons
 a - a +0 trident (weapon)
Missiles
 d - 3 throwing nets (quivered)
Armour
 b - a +0 leather armour (worn)
 c - a +0 helmet (worn)
Scrolls
 e - a scroll of identify {unknown}
Potions
 f - a potion of heal wounds {unknown}


   Skills:
 + Level 2.0 Fighting
 + Level 2.7 Polearms
 + Level 1.8 Throwing
 + Level 2.8 Dodging


You couldn't memorise any spells.
You didn't know any spells.
Your spell library was empty.

Dungeon Overview and Level Annotations

Branches:
Dungeon (1/15)

Altars:
Trog


Message History

HP restored.
Found a stone staircase leading down.
You now have 8 gold pieces.
f - a viscous brown potion Unknown command.
You now have 12 gold pieces (gained 4).
A rat comes into view.
A rat is nearby!
Unknown command.
You reach to attack!
You closely miss the rat. You hit the rat but do no damage.
The rat barely misses you.
You closely miss the rat. The rat closely misses you.
Unknown command.
You closely miss the rat. The rat bites you but does no damage.
You puncture the rat!
You kill the rat!
No target in view!
Unknown command.
You see here a rat corpse.
A goblin comes into view. It is wielding a +0 dagger.
A goblin is nearby!
Unknown command.
You hit the goblin.
You kill the goblin!
No target in view!
No target in view!
Unknown command.
You see here a +0 dagger.
Found a faded altar of an unknown god.
Found a stone staircase leading down.
Unknown command.
There is a faded altar of an unknown god here.
You cannot tell which god this altar belongs to.
Convert to them anyway?
Trog accepts your prayer! Trog welcomes you!
You can now go berserk at will.
Unknown command.
Press < or > to pray at altars.
Okay, then.
Are you sure you want to abandon this character and quit the game? (Confirm with "yes".)

.........)#....####
#########.........#
##........#
#........##
#.........#
...........>#
###..###....# ####
##.# #....# #.. ##
#.# #.@..# .. ...
#. ####.# # ......
.# ##...... .#
#....... .# ..8.>.
#.... ##.## #...#


There were no monsters in sight!

Vanquished Creatures
  A goblin (D:1)
  3 rats (D:1)
4 creatures vanquished.

Notes
Turn   | Place    | Note
-------+----------+-------------------------------------------
     0 | D:1      | Zonian the Demonspawn Gladiator began the quest for the
                  | Orb.
     0 | D:1      | Reached XP level 1. HP: 16/16 MP: 1/1
   125 | D:1      | Found a faded altar of an unknown god.
   135 | D:1      | Prayed at the altar of an unknown god.
   135 | D:1      | Became a worshipper of Trog the Wrathful
   135 | D:1      | Reached * piety under Trog
   136 | D:1      | Quit the game

Illustrated notes

Levels and vault maps discovered:
D:1:      matt_arrival_refuge, layout_basic, basic_ecumenical_altar,
          minmay_misc_feat_four_crosses, minmay_pentomino_v2

Action                   || total
-------------------------++-------
Melee: Trident           ||    11
Armor: Leather armour    ||     3
Dodge: Dodged            ||     5

Table legend: (Time is in decaauts)
 A = Elapsed time spent in this place.
 B = Non-inter-level travel time spent in this place.
 C = Inter-level travel time spent in this place.
 D = Time resting spent in this place.
 E = Time spent auto-exploring this place.
 F = Levels seen in this place.
 G = Mean time per level.
                   A        B        C        D        E       F      G
               +--------+--------+--------+--------+--------+-----+--------+
         Total |    137 |    137 |      0 |      0 |     99 |   1 |  137.0 |
       Dungeon |    137 |    137 |      0 |      0 |     99 |   1 |  137.0 |
               +--------+--------+--------+--------+--------+-----+--------+

Top non-repeatable levels by time:
     D:1: 137 daAuts
